 Dungeon Crawl Stone Soup version 0.30-a0-956-gcec3b41aec (webtiles) character file.

Game seed: 16631905054254934024

437 cforsyth the Trooper (level 7, -4/56 HPs)
             Began as a Formicid Fighter on Mar 29, 2023.
             Splashed by a jelly's acid (9 damage)
             ... on level 5 of the Dungeon.
             The game lasted 00:06:06 (4233 turns).

cforsyth the Trooper (Formicid Fighter)             Turns: 4233, Time: 00:06:06

Health: -4/56      AC:  6    Str: 23    XL:     7   Next: 21%
Magic:  7/7        EV:  7    Int:  7    God:
Gold:   106        SH:  5    Dex: 13    Spells: 6/6 levels left

rFire   . . .      SeeInvis +    a - +0 flail
rCold   . . .      Faith    .    c - +0 buckler
rNeg    . . .      Spirit   .    n - +0 chain mail
rPois   .          Reflect  .    (helmet unavailable)
rElec   .          Rampage  .    (no cloak)
rCorr   .                        i - +0 pair of gloves
Will    .....                    (no boots) Stlth
                                 (no amulet)
HPRegen 0.29/turn                (no ring)
MPRegen 0.10/turn                (no ring)

@: corroded
A: permanent stasis, dig shafts and tunnels, antennae 3, four strong arms
a: Dig, Shaft Self


You were on level 5 of the Dungeon.
You visited 1 branch of the dungeon, and saw 5 of its levels.

You collected 106 gold pieces.

Inventory:

Hand Weapons
 a - a +0 flail (weapon)
 x - the +6 battleaxe of Demonkind {chaos, rN+ rCorr SInv}
   (You found it on level 4 of the Dungeon)

   rN:        It protects you from negative energy.
   SInv:      It lets you see invisible.
   rCorr:     It protects you from acid and corrosion.
Armour
 b - a +0 scale mail
 c - a +0 buckler (worn)
 i - a +0 pair of gloves (worn)
 n - a +0 chain mail (worn)
Jewellery
 y - a ring of flight
Scrolls
 g - a scroll of vulnerability
 k - a scroll of noise
 m - a scroll of brand weapon {unknown}
 o - a scroll of magic mapping
 p - 2 scrolls of poison {unknown}
 s - 3 scrolls of blinking {unknown}
 t - 2 scrolls of immolation {unknown}
 v - a scroll of enchant weapon {unknown}
Potions
 d - a potion of might
 e - 3 potions of heal wounds
 f - 4 potions of curing
 j - a potion of resistance {unknown}
 l - a potion of magic {unknown}
 q - a potion of flight {unknown}
 r - a potion of attraction {unknown}
 u - 2 potions of mutation
 w - a potion of lignification {unknown}
 z - a potion of brilliance {unknown}


   Skills:
 + Level 5.3 Fighting
 * Level 5.0 Maces & Flails
 - Level 4.2 Armour
 - Level 5.1 Shields


You had 6 spell levels left.
You didn't know any spells.
Your spell library contained the following spells:

 Spells                   Type           Power      Damage    Failure   Level
 Ensorcelled Hibernation  Hex/Ice        0%         N/A       100%        2
 Spider Form              Tmut/Pois      0%         N/A       100%        3
 Anguish                  Hex/Necr       0%         N/A       100%        4


Dungeon Overview and Level Annotations

Branches:
Dungeon (5/15)
 Temple: D:4-7

Altars:
Gozag
Okawaru

Shops:
D:4 *


Innate Abilities, Weirdness & Mutations

You cannot be hasted, slowed, berserked, paralysed or teleported.
You can dig through walls and to a lower floor.
You have a pair of large antennae on your head. (SInv)
Your four strong arms can wield two-handed weapons with a shield.


Message History

Your Maces & Flails skill increases to level 5!
You hit the jelly.
Your hands burn!
The jelly is lightly wounded.
The jelly hits you but does no damage.
You are too injured to fight recklessly!
You are too injured to fight recklessly!
You are too injured to fight recklessly!
You are too injured to fight recklessly!
You are too injured to fight recklessly!
You are too injured to fight recklessly!
You are too injured to fight recklessly!
You are too injured to fight recklessly!
You are too injured to fight recklessly!
You are too injured to fight recklessly!
You are too injured to fight recklessly!
You hit the jelly.
Your hands burn!
The jelly is moderately wounded.
You block the jelly's attack.
You hit the jelly. The acid corrodes you!
Your hands burn!
The jelly is heavily wounded.
You block the jelly's attack.
You hit the jelly but do no damage.
Your hands burn!
The jelly is heavily wounded.
The jelly hits you but does no damage. The jelly closely misses you.
You barely miss the jelly.
The jelly is heavily wounded.
The jelly hits you.
You are splashed with acid!
* * * LOW HITPOINT WARNING * * *
You hit the jelly but do no damage.
Your hands burn!
* * * LOW HITPOINT WARNING * * *
The jelly is heavily wounded.
The jelly closely misses you.
You hit the jelly but do no damage.
Your hands burn!
* * * LOW HITPOINT WARNING * * *
The jelly is heavily wounded.
You feel your willpower return. The jelly hits you.
* * * LOW HITPOINT WARNING * * *
You are splashed with acid!
You die...

,,*,**,,*,,,,,,,,,,,,,,,,,,,,,,,,
,,,,,,,,*,,,,,,,,,,,,,,,,,,,,,,,,
,,,,,,,,*,,,,,,,,,,,,,,,,,,,,,,,,
,********#######+#######*,****,**
***,,,,,,............<..*,****,**
,,*,,,,,,......>........*,,,,,,,,
,,*,,,,,,...............*,,,,,,,,
,,*,,,,,,......J........******,,,
,,+,,,,,,,,,,,##@###*+*,,,,,,*,,,
***,,,,,,######....#,,*,,,,,,**+*
,,,,,,{,,#.........#,,+,,,,,,,,,,
,,,**+***#..<##..###+**,,,,,,,,,,
,,,*,,,,*#...#####**,******+*,,,,
,,,,,,,,*#...#*,,,,,,*,,,,,,*,,,,
,,,,,,,,*#...#,,,,,,,*,,,,,,*,,,,
,,,,,,,,*#...+,,,,,,,*,,,,,,*,,,,
8,,,,,,,,....#*,,***,******+*,,,,


You could see a jelly.

Vanquished Creatures
  A bullfrog (D:4)
  2 hounds (D:5)
  3 iguanas
  An orc wizard (D:3)
  Robin (D:2)
  6 adders
  5 worms
  10 orcs
  6 ball pythons
  10 bats
  9 endoplasms
  5 giant cockroaches
  10 hobgoblins
  8 jackals
  7 quokkas
  3 frilled lizards
  12 goblins
  8 kobolds
  6 rats
113 creatures vanquished.

Notes
Turn   | Place    | Note
-------+----------+-------------------------------------------
     0 | D:1      | cforsyth the Formicid Fighter began the quest for the Orb.
     0 | D:1      | Reached XP level 1. HP: 18/18 MP: 1/1
   100 | D:1      | Reached XP level 2. HP: 24/24 MP: 2/2
   363 | D:1      | Reached XP level 3. HP: 29/29 MP: 3/3
  1032 | D:2      | Reached XP level 4. HP: 37/37 MP: 4/4
  1205 | D:2      | Noticed Robin
  1768 | D:2      | Killed Robin
  1769 | D:2      | Reached XP level 5. HP: 41/42 MP: 5/5
  1794 | D:2      | Reached skill level 5 in Shields
  1927 | D:2      | Found an opulent altar of Gozag.
  2431 | D:3      | Reached XP level 6. HP: 18/49 MP: 6/6
  3203 | D:4      | Found an iron altar of Okawaru.
  3207 | D:4      | Identified the +6 battleaxe of Demonkind {chaos, rN+ rCorr
                  | SInv}
  3239 | D:4      | Found Radyguduo's Neck Hole.
  3379 | D:4      | Reached skill level 5 in Fighting
  4140 | D:4      | Identified the +5 mace "Guziun" {venom, rC+ Str+4 Int+2}
  4192 | D:5      | Entered Level 5 of the Dungeon
  4205 | D:5      | Reached XP level 7. HP: 46/56 MP: 7/7
  4227 | D:5      | Reached skill level 5 in Maces & Flails
  4233 | D:5      | Splashed by a jelly's acid

Illustrated notes

Levels and vault maps discovered:
D:1:      kennysheep_arrival_seaside, layout_basic
D:2:      layout_loops_cross, basic_altar, uniq_robin
D:3:      layout_loops_cross, kennysheep_pointless_box
D:4:      layout_loops_cross, mainiacjoe_overflow_cross_hatched,
          chequers_serial_rivers_micro_a, st_stairs_12,
          nicolae_shop_sticking_my_neck_out
D:5:      layout_gridville, trog_three_pillars_becter,
          nicolae_ossuary_entry_giza, dreamdust_mushroom_princess,
          minmay_ruined_shrine, uniq_blork_the_orc

Skill      XL: |  1  2  3  4  5  6  7 |
---------------+----------------------+-----
Fighting       | 4 5 |  5.3
Armour         | 4 |  4.2
Maces & Flails | 3 4 5 |  5.0
Shields        | 5 |  5.1

Action                     |  1- 3 |  4- 6 |  7- 9 || total
---------------------------+-------+-------+-------++-------
  Melee: Flail             |   111 |   227 |    18 ||   356
         Battleaxe         |       |    19 |       ||    19
    Use: Scroll            |       |     4 |     2 ||     6
 Armour: Scale mail        |   118 |    77 |       ||   195
         Chain mail        |       |    78 |     8 ||    86
  Dodge: Dodged            |   106 |   111 |     7 ||   224
  Block: Buckler           |    56 |    74 |     6 ||   136

Table legend: (Time is in decaauts)
 A = Elapsed time spent in this place.
 B = Non-inter-level travel time spent in this place.
 C = Inter-level travel time spent in this place.
 D = Time resting spent in this place.
 E = Time spent auto-exploring this place.
 F = Levels seen in this place.
 G = Mean time per level.
                   A        B        C        D        E       F      G
               +--------+--------+--------+--------+--------+-----+--------+
         Total |   4348 |   4229 |    119 |    805 |   2554 |   5 |  869.6 |
       Dungeon |   4348 |   4229 |    119 |    805 |   2554 |   5 |  869.6 |
               +--------+--------+--------+--------+--------+-----+--------+

Top non-repeatable levels by time:
     D:1: 1354 daAuts
     D:4: 1177 daAuts
     D:3: 1014 daAuts
     D:2: 756 daAuts
     D:5: 45 daAuts
